 Dungeon Crawl Stone Soup version 0.12.2-7-g64ef654 (webtiles) character file.

372 BlackAndWhite the Insei (level 5, 0/40 HPs)
             Began as a Draconian Transmuter on June 20, 2013.
             Was a Follower of Cheibriados.
             Slain by a slave (7 damage)
             ... led by Pikel
             ... on Level 3 of the Dungeon.
             The game lasted 00:10:16 (2861 turns).

BlackAndWhite the Ruffian (Draconian Transmuter)    Turns: 2861, Time: 00:10:16

HP   0/40        AC  2     Str 15      XL: 5   Next: 72%
MP   3/8         EV 22     Int 15      God: Cheibriados [*.....]
Gold 141         SH  0     Dex 19      Spells:  3 memorised,  1 level left

Res.Fire  : . . .   See Invis. : .     - Unarmed
Res.Cold  : . . .   Warding    : .   (armour unavailable)
Life Prot.: . . .   Conserve   : .   (shield currently unavailable)
Res.Poison: x       Res.Corr.  : .   (helmet currently unavailable)
Res.Elec. : .       Clarity    : .   (cloak currently unavailable)
Sust.Abil.: . .     Spirit.Shd : .   l - melded +0 pair of elf gloves
Res.Mut.  : .       Stasis     : .   (boots currently unavailable)
Res.Rott. : .       Ctrl.Telep.: .   (no amulet)
Saprovore : . . .   Flight     : .   (no ring)
                                     (no ring)

@: spider-form (expiring), very slightly contaminated, slow, slightly resistant
to hostile enchantments, fairly stealthy
A: unfitting armour, AC +5
a: End Transformation, Bend Time, Renounce Religion


You were on level 3 of the Dungeon.
You worshipped Cheibriados.
Cheibriados was pleased with you.
You were not hungry.
You were in spider-form.
You visited 1 branch of the dungeon, and saw 4 of its levels.

You collected 121 gold pieces.

Inventory:

Missiles
 b - 12 arrows
Armour
 h - a +0 pair of boots
 l - a +0 pair of elven gloves (melded)
Comestibles
 a - 5 bread rations
 k - a pear
 z - a chunk of quokka flesh
Scrolls
 c - a scroll of blinking {unknown}
 e - a scroll of magic mapping {unknown}
 f - 8 scrolls of remove curse {unknown}
 m - 7 scrolls of identify {unknown}
 o - a scroll of amnesia {unknown}
 p - a scroll of recharging {unknown}
 q - 2 scrolls of curse jewellery {unknown}
 s - a scroll of random uselessness {unknown}
 t - a scroll of curse weapon {unknown}
 x - a scroll of enchant weapon I {unknown}
Jewellery
 w - an uncursed ring of protection from magic {unknown}
 y - an uncursed ring of wizardry {unknown}
Potions
 g - a potion of heal wounds {unknown}
 i - a potion of slowing {unknown}
 j - 2 potions of brilliance {unknown}
 n - 2 potions of agility {unknown}
 u - a potion of magic {unknown}
 v - a potion of confusion {unknown}
 A - a potion of resistance {unknown}
Books
 d - a book of Changes

   Spells                             Type                      Level
   *Beastly Appendage                 Transmutation                1
   Sticks to Snakes                   Transmutation                2
   *Spider Form                       Transmutation/Poison         3
   *Ice Form                          Ice/Transmutation            4
   Blade Hands                        Transmutation                5
 r - a book of Enchantments

   Spells                             Type                      Level
   Cause Fear                         Hexes                        4
   Silence                            Hexes/Air                    5
   Tukima's Dance                     Hexes                        5
   Deflect Missiles                   Charms/Air                   6
   Haste                              Charms                       6


   Skills:
 + Level 1.4 Fighting
 + Level 3.7 Dodging
 + Level 0.8 Stealth
 + Level 0.2 Stabbing
 + Level 3.9 Unarmed Combat
 + Level 2.8 Spellcasting
 + Level 2.8 Transmutations
 + Level 0.2 Poison Magic


You had one spell level left.
You knew the following spells:

 Your Spells              Type           Power        Failure   Level  Hunger
a - Beastly Appendage     Trmt           ###....      21%         1    #......
b - Spider Form           Trmt/Pois      ##........   56%         3    ###....
c - Ice Form              Ice/Trmt       ##........   98%         4    #####..


Dungeon Overview and Level Annotations

Branches:
Dungeon (4/27)
 Temple: D:4-7

Altars:
Cheibriados
Makhleb


Message History

The slave closely misses you.
You hit the slave but do no damage.
The slave looks even sicker.
The slave is lightly wounded.
The slave completely misses you.
You barely miss the slave.
The slave is lightly wounded.
The slave barely misses you.
You hit the slave.
The slave is moderately wounded.
The slave closely misses you.
You hit the slave.
The slave is heavily wounded.
The slave misses you.
You barely miss the slave.
The slave is heavily wounded.
The slave barely misses you.
You hit the slave.
The slave is severely wounded.
The slave hits you!
You die...

#........# #.'.......##.#
#........# #.#.......##.#
#........# #.#.......##.#
#........# #.##########.#
#........# #...# #.# #........#
###.# #.# #.......## #...# ###.#
####.#####.#########.######...###
..)..#...#......s.............'..
####.'.⌠.'.#.###@###.######...###
#.#...#.#.# #.# #### #...#
#.#####...# #.# ##.## #...#
#.......### #.###(..## #...#
#...##### #.##..#..###...# ##.##
#.##.###..##.###
##.############...##...#.#
#.)..........#..%.###....#


You could see a slave.

Vanquished Creatures
  A crimson imp (D:3)
  A hound (D:3)
  A scorpion (D:4)
  Jessica (D:2)
  7 adders
  A giant mite (D:3)
  3 giant geckos
  2 oozes (D:1)
  An orc (D:3)
  3 bats
  3 giant cockroaches
  4 goblins
  5 hobgoblins
  4 jackals (D:2)
  2 quokkas
  A ball python (D:1)
  A giant newt (D:1)
  6 kobolds
  7 rats
54 creatures vanquished.

Notes
Turn   | Place    | Note
--------------------------------------------------------------
     0 | D:1      | BlackAndWhite, the Draconian Transmuter, began the quest for the Orb.
     0 | D:1      | Reached XP level 1. HP: 16/16 MP: 1/1
   263 | D:1      | Reached XP level 2. HP: 12/23 MP: 3/3
  1058 | D:2      | Reached XP level 3. HP: 21/28 MP: 2/4
  1063 | D:2      | Learned a level 3 spell: Spider Form
  1291 | D:2      | Noticed Jessica
  1302 | D:2      | Killed Jessica
  1359 | D:2      | Reached XP level 4. HP: 28/35 MP: 4/6
  1564 | D:2      | Found a snail-covered altar of Cheibriados.
  1587 | D:2      | Became a worshipper of Cheibriados the Contemplative
  2013 | D:3      | Reached XP level 5. HP: 13/40 MP: 8/8
  2242 | D:3      | Learned a level 4 spell: Ice Form
  2391 | D:3      | Acquired Cheibriados' first power
  2413 | D:3      | Found a burning altar of Makhleb.
  2811 | D:4      | Noticed a slave
  2811 | D:4      | Noticed a slave
  2811 | D:4      | Noticed a slave
  2815 | D:4      | Noticed a slave
  2861 | D:3      | Slain by a slave

Action                   |  1- 3 |  4- 6 || total
-------------------------+-------+-------++-------
Melee: Unarmed           |   119 |   207 ||   326
 Cast: Beastly Appendage |    10 |    12 ||    22
       Spider Form       |     1 |     1 ||     2
  Use: Potion            |       |     1 ||     1
 Stab: Sleeping          |       |     1 ||     1
